 Dungeon Crawl Stone Soup version 0.16-a0-1157-gec61f8e (webtiles) character file.

259 RobertPalmer the Cudgeler (level 6, 0/42 HPs)
             Began as an Octopode Fighter on Oct 8, 2014.
             Slain by a gnoll
             ... wielding a +0 spear
              (9 damage)
             ... on level 4 of the Dungeon.
             The game lasted 00:06:15 (3258 turns).

RobertPalmer the Cudgeler (Octopode Fighter)        Turns: 3258, Time: 00:06:15

Health: 0/42       AC:  1    Str: 15    XL:     6   Next: 17%
Magic:  6/6        EV: 10    Int: 12    God:
Gold:   159        SH:  9    Dex: 12    Spells: 0 memorised, 5 levels left

rFire  . . .     SeeInvis .     a - +1 flail
rCold  . . .     Clarity  .     c - +1 shield
rNeg   . . .     SustAb   .     (helmet restricted)
rPois  .         Gourm    .     (no amulet)
rElec  .         Spirit   .     (no ring)
rCorr  .         Warding  .     (no ring)
rMut   .         Stasis   .     (no ring)
MR     .....                    (no ring)
Stlth  ++........               (no ring)
                                (no ring)
                                (no ring)
                                (no ring)

@: not resistant to hostile enchantments, unstealthy
A: almost no armour, amphibious, 8 rings, constrict 8, camouflage 1, gelatinous
body 1
a: no special abilities


You were on level 4 of the Dungeon.
You were hungry.

You visited 1 branch of the dungeon, and saw 4 of its levels.

You collected 159 gold pieces.


Innate Abilities, Weirdness & Mutations

You cannot wear most types of armour.
You are amphibious.
You can wear up to eight rings at the same time.
You can use your tentacles to constrict many enemies at once.
Your skin changes colour to match your surroundings (Stealth).
Your rubbery body absorbs attacks (AC +1).


   Skills:
 - Level 3.0 Fighting
 + Level 6.3 Maces & Flails
 - Level 3.0 Dodging
 - Level 3.0 Shields


You had 5 spell levels left.
You didn't know any spells.

Inventory:

Hand weapons
 a - a +1 flail (weapon)
 b - a +0 blowgun
 q - a +0 whip
Missiles
 r - 10 poisoned needles
Armour
 c - a +1 shield (worn)
Comestibles
 d - a bread ration
 l - a beef jerky
 s - a meat ration
Scrolls
 f - a scroll of enchant weapon
 g - 4 scrolls of identify
Jewellery
 k - an uncursed ring of ice
Potions
 e - 2 potions of might
 h - 2 potions of heal wounds {unknown}
 i - a potion of beneficial mutation {unknown}
 j - a potion of flight {unknown}
 n - a potion of restore abilities {unknown}
 o - a potion of brilliance {unknown}
 p - 2 potions of haste {unknown}
 t - 2 potions of curing {unknown}
 v - a potion of cure mutation {unknown}

Dungeon Overview and Level Annotations

Branches:
Dungeon (4/15)
 Temple: D:4-7

Altars:
Makhleb
Ru
Trog
Vehumet
Xom
The Shining One

#.......# #....
#.##.##.# #....
##.......#########.##
###......).......#
#..<
#........#.#####.#
#.## #.##..####.# #.#
#.## #.......#
###.###... #.#######
#......### #..@.#
#.#.##.# ####g#
#.#.##.# ###[###
#.#.##.# #.....#
#.#.##.#
#.#######.....#
#.#.##.#
#.............#
#......#
#..#####)....(#
#[..####
..##...(.....# .###
#.....##.##.###


You could see a gnoll.


Message History

You kill the gnoll!
You see here a ring mail.
Firing (i - inventory):
r - 14 poisoned needles (quivered)
Aim: a gnoll, wielding a spear You shoot a poisoned needle.
The poisoned needle closely misses the gnoll.
Firing (i - inventory):
r - 13 poisoned needles (quivered)
Aim: a gnoll, wielding a spear You shoot a poisoned needle.
The poisoned needle closely misses the gnoll.
You block the gnoll's attack.
Firing (i - inventory):
r - 12 poisoned needles (quivered)
Aim: a gnoll, wielding a spear You shoot a poisoned needle.
The poisoned needle barely misses the gnoll.
The gnoll hits you from afar with a spear!
* * * LOW HITPOINT WARNING * * *
Firing (i - inventory):
r - 11 poisoned needles (quivered)
Aim: a gnoll, wielding a spear You shoot a poisoned needle.
The poisoned needle hits the gnoll!
The gnoll is poisoned.
You block the gnoll's attack.
a - a +1 flail (weapon)
You block the gnoll's attack. The gnoll hits you with a spear!
* * * LOW HITPOINT WARNING * * *
Your shield prevents you from hitting the gnoll.
You grab the gnoll.
The gnoll is lightly wounded.
You constrict the gnoll. The gnoll hits you with a spear!
You die...

Action                   |  1- 3 |  4- 6 || total
-------------------------+-------+-------++-------
Melee: Flail             |    52 |    49 ||   101
       Whip              |       |    27 ||    27
 Fire: Blowgun           |       |     9 ||     9
  Use: Scroll            |       |     6 ||     6
 Stab: Sleeping          |     1 |     2 ||     3
  Eat: Chunk             |     1 |     4 ||     5
       Beef jerky        |       |     1 ||     1

Vault maps used:
D:1:      minmay_arrival_pointy, tso_altar
D:3:      grunt_temple_overflow_open, st_stairs_8

Notes
Turn   | Place    | Note
--------------------------------------------------------------
     0 | D:1      | RobertPalmer, the Octopode Fighter, began the quest for the Orb.
     0 | D:1      | Reached XP level 1. HP: 16/16 MP: 1/1
   233 | D:1      | Reached XP level 2. HP: 18/21 MP: 2/2
   334 | D:1      | Found a glowing golden altar of the Shining One.
   389 | D:1      | Reached skill level 3 in Maces & Flails
   662 | D:2      | Reached XP level 3. HP: 23/26 MP: 3/3
  1050 | D:2      | Reached skill level 4 in Maces & Flails
  1100 | D:2      | Reached XP level 4. HP: 31/31 MP: 4/4
  1986 | D:3      | Found a glowing golden altar of the Shining One.
  1987 | D:3      | Found a radiant altar of Vehumet.
  1987 | D:3      | Found a bloodstained altar of Trog.
  2070 | D:3      | Found a shimmering altar of Xom.
  2074 | D:3      | Found a burning altar of Makhleb.
  2074 | D:3      | Found a sacrificial altar of Ru.
  2471 | D:4      | Noticed a phantom
  2737 | D:4      | Killed a phantom
  2737 | D:4      | Reached skill level 5 in Maces & Flails
  2737 | D:4      | Reached XP level 5. HP: 17/36 MP: 5/5
  2949 | D:4      | Reached skill level 6 in Maces & Flails
  2949 | D:4      | Reached XP level 6. HP: 11/42 MP: 6/6
  3258 | D:4      | Slain by a gnoll

Vanquished Creatures
  A phantom (D:4)
  An iguana (D:4)
  5 adders (D:2)
  3 gnolls (D:4)
  A worm (D:2)
  3 giant geckos
  2 oozes
  3 giant cockroaches
  5 goblins
  6 hobgoblins
  2 quokkas (D:3)
  4 bats
  5 giant newts
  9 kobolds
  An orc skeleton (D:4)
  6 rats
57 creatures vanquished.
